 Seeded DCSS version 0.29-a0-919-gd064cfad1c (webtiles) character file.

Game seed: 14547545107255228132 (custom seed)

630 mathmaestro the Grave Robber (level 7, -8/52 HPs)
             Began as a Demonspawn Necromancer on July 25, 2022.
             Mangled by Duvessa
             ... wielding a +0 short sword
              (14 damage)
             ... on level 4 of the Dungeon on July 26, 2022.
             The game lasted 00:14:15 (4266 turns).

mathmaestro the Grave Robber (DsNe)                 Turns: 4266, Time: 00:14:15

Health: -8/52      AC: 10    Str:  8    XL:     7   Next: 24%
Magic:  6/22       EV: 11    Int: 18    God:
Gold:   11         SH:  0    Dex: 14    Spells: 6/14 levels left

rFire   . . .      SeeInvis .   d - +0 dagger
rCold   . . .      Faith    .   (no shield)
rNeg    . . .      Spirit   .   k - +0 leather armour
rPois   .          Reflect  .   l - +0 helmet
rElec   .          Harm     .   (no cloak)
rCorr   .          Rampage  .   (no gloves)
Will    .....                   (no boots)
Stlth   ++........              (no amulet)
HPRegen 0.17/turn               o - ring of magical power
MPRegen 0.18/turn               (no ring)

@: sanguine armoured, invisible
A: claws 1, powered by death 1, sanguine armour 1
a: no special abilities


You were on level 4 of the Dungeon.
You visited 1 branch of the dungeon, and saw 4 of its levels.

You collected 167 gold pieces.
You spent 156 gold pieces at shops.

Inventory:

Hand Weapons
 d - a +0 dagger (weapon)
 h - a +0 hand axe
Armour
 k - a +0 leather armour (worn)
 l - a +0 helmet (worn)
Magical Staves
 a - a staff of earth
Jewellery
 o - a ring of magical power (left claw)
Wands
 e - a wand of flame (23)
 t - a wand of iceblast (12)
Scrolls
 g - 2 scrolls of enchant armour
 j - a scroll of amnesia {unknown}
 m - a scroll of silence {unknown}
 q - 2 scrolls of magic mapping {unknown}
 r - a scroll of fear
 s - a scroll of torment {unknown}
 u - a scroll of identify
Potions
 b - 3 potions of magic
 c - a potion of invisibility
 f - 2 potions of curing
 i - a potion of berserk rage {unknown}
 n - a potion of cancellation {unknown}
 p - a potion of attraction {unknown}
 v - a potion of ambrosia


   Skills:
 + Level 3.5 Fighting
 + Level 3.0 Armour
 - Level 2.0 Dodging
 - Level 2.0 Stealth
 + Level 4.0 Spellcasting
 + Level 6.2 Necromancy


You had 6 spell levels left.
You knew the following spells:

 Your Spells              Type           Power      Damage    Failure   Level
a - Necrotise             Necr           100%       1d9       1%          1
b - Vampiric Draining     Necr           26%        2d7       4%          3
c - Animate Dead          Necr           26%        N/A       16%         4

Your spell library contained the following spells:

 Spells                   Type           Power      Damage    Failure   Level
 Slow                     Hex            12%        N/A       21%         1
 Agony                    Necr           26%        N/A       41%         5
 Confusing Touch          Hex            3%         N/A       52%         3
 Ozocubu's Armour         Ice            3%         N/A       52%         3
 Metabolic Englaciation   Hex/Ice        1%         N/A       99%         5
 Simulacrum               Ice/Necr       7%         N/A       100%        6


Dungeon Overview and Level Annotations

Branches:
Dungeon (4/15)
 Temple: D:4-7

Altars:
Okawaru
Vehumet

Shops:
D:4 ![

Annotations:
D:3 Grinder
D:4 Duvessa


Innate Abilities, Weirdness & Mutations

You have sharp fingernails.
You regenerate a little health from kills.
When seriously injured, your blood forms armour. (AC +6)


Message History

Confirm with . or Enter, or press ? or * to list all spells.
Aiming: Vampiric Draining (dangerous; 4% risk of failure)
Press: ? - help, Shift-Dir - straight line, f/p - Duvessa
Aim: Duvessa, wielding a +0 short sword and wearing a +2 chain mail of fire resistance (moderately wounded, berserk, unable to see you)
You draw life force from Duvessa!
You feel life coursing into your body. Duvessa hits you with a +0 short sword.
Unknown command.
Unknown command.
You hit Duvessa but do no damage.
Duvessa is heavily wounded.
Duvessa hits you with a +0 short sword!
Your blood congeals into armour.
Duvessa hits you with a +0 short sword!
Unknown command.
Casting: Vampiric Draining (dangerous; 4% risk of failure)
Confirm with . or Enter, or press ? or * to list all spells.
Aiming: Vampiric Draining (dangerous; 4% risk of failure)
Press: ? - help, Shift-Dir - straight line, f/p - Duvessa
Aim: Duvessa, wielding a +0 short sword and wearing a +2 chain mail of fire resistance (heavily wounded, berserk, unable to see you)
You draw life force from Duvessa!
You feel life coursing into your body. Duvessa hits you with a +0 short sword.
Unknown command.
Unknown command.
Casting: Vampiric Draining (dangerous; 4% risk of failure)
Confirm with . or Enter, or press ? or * to list all spells.
Aiming: Vampiric Draining (dangerous; 4% risk of failure)
Press: ? - help, Shift-Dir - straight line, f/p - Duvessa
Aim: Duvessa, wielding a +0 short sword and wearing a +2 chain mail of fire resistance (severely wounded, berserk, unable to see you)
You draw life force from Duvessa.
You feel life coursing into your body. Duvessa hits you with a +0 short sword!
* * * LOW HITPOINT WARNING * * *
Duvessa hits you with a +0 short sword!
* * * LOW HITPOINT WARNING * * *
Unknown command.
Duvessa hits you with a +0 short sword.
* * * LOW HITPOINT WARNING * * *
The jackal barks!
Unknown command.
You hear a shout!
The jackal barks!
Duvessa hits you with a +0 short sword!
You die...

#.# #............ #.#
###............ #
#.###..............
..#.##..#..........#
#......##.........#
###.#####.........##########
#.######...........#.....##
#..........)...[..........##
#.#####.......@............#
#.# #....†..(e...........#
#.# ##....................#
##..#
#......................# ...
#.##........h.......<..# #.
##.)................# #
#..#..............##
#.#..#...........##
#..#.##.####.######


You could see Duvessa (berserk, unable to see you) and a jackal (wandering,
unable to see you).

Vanquished Creatures
  Sigmund (D:2)
  An ogre (D:4)
  A black bear (D:4)
  An iguana (D:4)
  Jessica (D:2)
  Natasha (thrice) (D:3)
  Robin (D:2)
  An adder (D:4)
  A worm (D:4)
  A dart slug (D:3)
  An orc (D:2)
  7 ball pythons
  3 endoplasms
  10 goblins
  7 hobgoblins
  8 kobolds
  5 quokkas
  3 bats
  2 frilled lizards (D:1)
  5 rats
63 creatures vanquished.

Vanquished Creatures (collateral kills)
  Dowan (D:4)
  A howler monkey (D:4)
  2 goblins
  3 hobgoblins
  A bat (D:1)
  A kobold (D:1)
  A rat (D:1)
10 creatures vanquished.

Vanquished Creatures (others)
  4 plants (D:2)
  8 withered plants (D:2)
12 creatures vanquished.

Grand Total: 85 creatures vanquished

Notes
Turn   | Place    | Note
-------+----------+-------------------------------------------
     0 | D:1      | mathmaestro the Demonspawn Necromancer began the quest for
                  | the Orb.
     0 | D:1      | Reached XP level 1. HP: 13/13 MP: 3/3
     0 | D:1      | Upgraded the game from 0.29-a0-911-g88e6f02907 to
                  | 0.29-a0-919-gd064cfad1c
   130 | D:1      | Gained mutation: When seriously injured, your blood forms
                  | armour. (AC +6) [demonic ancestry]
   130 | D:1      | Reached XP level 2. HP: 14/19 MP: 0/5
   577 | D:1      | Reached XP level 3. HP: 25/25 MP: 1/6
   581 | D:1      | Learned a level 3 spell: Vampiric Draining
   853 | D:1      | Reached skill level 1 in Fighting
   981 | D:2      | Noticed Jessica
   984 | D:2      | Killed Jessica
  1067 | D:2      | Noticed Sigmund
  1215 | D:2      | Found a faded altar of an unknown god.
  1231 | D:2      | Reached skill level 5 in Necromancy
  1300 | D:2      | Noticed Robin
  1305 | D:2      | Gained mutation: You regenerate a little health from kills.
                  | [demonic ancestry]
  1305 | D:2      | Reached XP level 4. HP: 22/32 MP: 0/7
  1495 | D:2      | Killed Robin
  1827 | D:2      | Reached skill level 1 in Armour
  1972 | D:2      | Killed Sigmund
  1973 | D:2      | Reached XP level 5. HP: 17/39 MP: 5/9
  2670 | D:3      | Found a radiant altar of Vehumet.
  2785 | D:3      | Found an iron altar of Okawaru.
  3012 | D:3      | Noticed Natasha
  3015 | D:3      | Killed Natasha
  3016 | D:3      | Reached XP level 6. HP: 27/46 MP: 11/11
  3274 | D:3      | Noticed Grinder
  3302 | D:3      | Noticed Natasha
  3330 | D:3      | Killed Natasha
  3410 | D:3      | Paralysed by Grinder for 4 turns
  3425 | D:3      | Paralysed by Grinder for 4 turns
  3756 | D:3      | Noticed Natasha
  3760 | D:3      | Killed Natasha
  3842 | D:3      | Learned a level 4 spell: Animate Dead
  3851 | D:4      | Noticed Duvessa
  3851 | D:4      | Noticed Dowan
  3851 | D:4      | Found Plog's Antique Armour Shoppe.
  3890 | D:4      | Found Tooleed's Distillery.
  3907 | D:4      | Reached skill level 6 in Necromancy
  3919 | D:4      | Bought 2 potions of degeneration for 24 gold pieces
  3919 | D:4      | Bought a potion of curing for 36 gold pieces
  3919 | D:4      | Bought a potion of ambrosia for 96 gold pieces
  4123 | D:4      | Gained mutation: You have sharp fingernails. [demonic
                  | ancestry]
  4123 | D:4      | Reached XP level 7. HP: 49/52 MP: 12/12
  4213 | D:4      | Killed Dowan
  4266 | D:4      | Mangled by Duvessa

Illustrated notes

Levels and vault maps discovered:
D:1:      minmay_arrival_radiant_lines, layout_basic, minmay_tetromino_o4
D:2:      layout_loops_ring, shapermc_ecumenical_altar_flowoftime, uniq_robin,
          uniq_jessica, uniq_sigmund
D:3:      layout_loops_ring, okawaru_gym_becter, vehumet_crystals, uniq_natasha,
          uniq_grinder
D:4:      layout_rooms, kiku_gazebo_pond_becter, serial_shops,
          nicolae_shop_hallway_plus, nicolae_stop_n_shop_2,
          kennysheep_mini_moat, uniq_duvessa

Skill      XL: |  1  2  3  4  5  6  7 |
---------------+----------------------+-----
Dodging        | 2 |  2.0
Stealth        | 2 |  2.0
Fighting       | 1 2 3 |  3.5
Necromancy     | 5 6 |  6.2
Armour         | 2 3 |  3.0
Spellcasting   | 3 4 |  4.0

Action                   |  1- 3 |  4- 6 |  7- 9 || total
-------------------------+-------+-------+-------++-------
Melee: Dagger            |    10 |    31 |     1 ||    42
 Cast: Necrotise         |    51 |    61 |    18 ||   130
       Vampiric Draining |       |     9 |     3 ||    12
Evoke: Wand              |       |     1 |     1 ||     2
  Use: Scroll            |       |     8 |       ||     8
       Potion            |       |       |     1 ||     1
Armor: Robe              |     6 |       |       ||     6
       Leather armour    |     3 |    12 |       ||    15
Dodge: Dodged            |    14 |    38 |     2 ||    54

Table legend: (Time is in decaauts)
 A = Elapsed time spent in this place.
 B = Non-inter-level travel time spent in this place.
 C = Inter-level travel time spent in this place.
 D = Time resting spent in this place.
 E = Time spent auto-exploring this place.
 F = Levels seen in this place.
 G = Mean time per level.
                   A        B        C        D        E       F      G
               +--------+--------+--------+--------+--------+-----+--------+
         Total |   4272 |   3993 |    279 |   1249 |   1862 |   4 | 1068.0 |
       Dungeon |   4272 |   3993 |    279 |   1249 |   1862 |   4 | 1068.0 |
               +--------+--------+--------+--------+--------+-----+--------+

Top non-repeatable levels by time:
     D:2: 1538 daAuts
     D:1: 1287 daAuts
     D:3: 1050 daAuts
     D:4: 396 daAuts
